Map: Retraite de l’acolyte EC

Players

tekdeka

  • Race: Protoss Protoss
  • League: Platinum
  • Spawn Location: 7:00

Fluo - Winner!

  • Race: Protoss Protoss
  • League: Silver
  • Spawn Location: 1:00

VOD

Have the link to the VOD?

Description

Time

  • Played on: July 21, 2017, 12:33 a.m.
  • Length: 17:55
Show
View Real Time Build Order
Export as new Build Order

tekdeka Protoss 

Build Orders: Oracle Opening, Dark Templar Rush 

Get SALT Encoding   

  12  0:02  Probe (Chrono Boost)  
  13  0:13  Probe (Chrono Boost)  
  14  0:23  Probe (Chrono Boost)  
  14  0:26  Pylon  
  15  0:35  Assimilator  
  15  0:45  Gateway  
  15  0:50  Assimilator  
  15  0:51  Probe (Chrono Boost)  
  16  1:02  Probe (Chrono Boost)  
  17  1:06  Pylon  
  17  1:12  Probe (Chrono Boost)  
  18  1:23  Probe (Chrono Boost)  
  19  1:33  Probe (Chrono Boost)  
  19  1:34  Cybernetics Core  
  20  1:44  Probe (Chrono Boost)  
  21  1:55  Probe (Chrono Boost)  
  21  2:00  Gateway  
  22  2:05  Probe (Chrono Boost)  
  23  2:11  Twilight Council  
  23  2:13  Warp Gate (Chrono Boost)  
  23  2:18  Mothership Core  
  25  2:41  Probe  
  26  2:48  Dark Shrine  
  26  2:54  Stargate  
  26  3:17  Stalker  
  30  3:25  Nexus  
  30  3:43  Oracle (Chrono Boost)  
  31  3:48  Pylon  
  31  3:54  Robotics Facility  
  31  3:57  Pylon  
  31  4:00  Assimilator  
  31  4:05  Assimilator  
  31  4:22  Dark Templar  
  33  4:30  Shadow Stride (Chrono Boost)  
  33  4:39  Probe  
  33  4:40  Probe  
  35  4:49  Probe  
  35  4:52  Probe  
  37  5:00  Probe  
  37  5:04  Probe  
  39  5:16  Probe  
  40  5:23  Dark Templar x2  
  44  5:49  Oracle  
  45  5:57  Stalker  
  41  6:06  Stalker  
  43  6:11  Probe  
  37  6:59  Dark Templar x2  
  41  7:21  Probe  
  41  7:23  Probe  
  43  7:30  Gateway  
  43  7:32  Probe  
  43  7:33  Gateway  
  43  7:34  Blink (Chrono Boost)  
  43  7:35  Probe  
  45  7:38  Gateway  
  45  7:42  Observer  
  45  7:43  Gateway, Probe  
  46  7:47  Probe  
  43  8:02  Stalker x2  
  45  8:08  Pylon  
  45  8:25  Nexus  
  45  8:26  Stalker x2  
  49  8:34  Stalker x2  
  53  8:43  Observer  
  53  8:47  Forge  
  54  8:48  Pylon  
  54  8:50  Stalker x2  
  54  8:51  Stalker x2  
  62  9:00  Void Ray  
  66  9:08  Observer  
  66  9:09  Pylon  
  67  9:17  Assimilator  
  67  9:19  Stalker x2  
  67  9:20  Stalker  
  67  9:22  Assimilator  
  73  9:27  Pylon  
  73  9:45  Probe x2  
  73  9:46  Probe  
  73  9:49  Stalker x4  
  84  9:55  Protoss Ground Weapons Level 1 (Chrono Boost)  
  84  9:58  Observer, Probe  
  86  10:09  Photon Cannon  
  86  10:12  Photon Cannon  
  82  10:20  Probe x2  
  82  10:21  Pylon  
  82  10:22  Probe  
  85  10:41  Photon Cannon  
  85  10:43  Photon Cannon  
  85  10:52  Photon Cannon  
  85  11:34  Stalker x2  
  85  11:35  Stalker x4  
  97  11:40  Probe x2  
  97  11:41  Probe  
  100  11:56  Fleet Beacon  
  100  11:57  Protoss Ground Armor Level 1 (Chrono Boost)  
  100  12:01  Stargate  
  100  12:34  Stalker x2  
  100  12:35  Stalker x4  
  108  12:38  Graviton Catapult (Chrono Boost)  
  114  13:16  Pylon  
  114  13:18  Pylon  
  114  13:22  Pylon  
  113  13:34  Carrier (Chrono Boost)  
  113  13:38  Protoss Ground Weapons Level 2 (Chrono Boost)  
  119  13:52  Carrier (Chrono Boost)  
  125  14:01  Pylon  
  125  14:09  Stalker x4  
  133  14:38  Photon Cannon  
  133  14:42  Nexus  
  133  14:45  Photon Cannon  
  133  14:57  Carrier (Chrono Boost)  
  139  15:23  Anion Pulse-Crystals  
  139  15:27  Pylon  
  139  15:37  Carrier  
  139  15:38  Observer  
  140  15:49  Protoss Ground Armor Level 2 (Chrono Boost)  
  146  16:06  Stalker  
  146  16:07  Stalker x3  
  154  16:25  Pylon  
  154  16:27  Pylon  
  153  16:34  Probe  
  153  16:35  Probe x3  
  157  16:44  Probe  
  158  16:47  Probe  
  158  16:48  Probe x2  
  89  17:19  Dark Templar x4  
  89  17:20  Dark Templar x2  
Show
View Real Time Build Order
Export as new Build Order

Fluo Protoss - Winner!

Build Orders:  

Get SALT Encoding   

  12  0:01  Probe (Chrono Boost)  
  13  0:12  Probe (Chrono Boost)  
  14  0:22  Pylon  
  14  0:24  Probe (Chrono Boost)  
  15  0:35  Assimilator  
  15  0:40  Probe (Chrono Boost)  
  16  0:45  Gateway  
  16  0:50  Probe (Chrono Boost)  
  17  0:59  Assimilator  
  17  1:01  Probe (Chrono Boost)  
  18  1:11  Probe (Chrono Boost)  
  18  1:16  Pylon  
  19  1:22  Probe (Chrono Boost)  
  20  1:32  Cybernetics Core  
  20  1:33  Probe (Chrono Boost)  
  21  1:44  Probe (Chrono Boost)  
  22  1:55  Gateway  
  22  1:59  Probe (Chrono Boost)  
  23  2:10  Mothership Core (Chrono Boost), Stalker  
  27  2:22  Warp Gate (Chrono Boost)  
  27  2:28  Pylon, Probe (Chrono Boost)  
  28  2:39  Probe  
  28  2:43  Sentry  
  31  2:51  Probe  
  32  2:55  Sentry  
  34  3:06  Nexus  
  34  3:10  Pylon  
  34  3:14  Probe  
  35  3:20  Zealot  
  35  3:25  Sentry  
  39  3:36  Stargate  
  39  3:40  Probe  
  40  4:07  Nexus  
  40  4:10  Probe  
  40  4:17  Zealot x2  
  43  4:20  Probe  
  46  4:27  Oracle (Chrono Boost)  
  46  4:31  Probe  
  50  4:37  Probe  
  50  4:38  Pylon  
  50  4:44  Stalker  
  53  4:47  Probe  
  53  4:49  Probe  
  55  4:59  Oracle (Chrono Boost)  
  48  5:11  Stalker  
  49  5:16  Probe (Chrono Boost)  
  49  5:17  Probe (Chrono Boost)  
  49  5:21  Probe (Chrono Boost)  
  52  5:28  Probe (Chrono Boost)  
  53  5:30  Phoenix  
  49  5:58  Probe x3 (Chrono Boost)  
  52  6:06  Robotics Facility  
  52  6:08  Probe x2 (Chrono Boost)  
  54  6:13  Probe (Chrono Boost)  
  54  6:19  Probe x2 (Chrono Boost)  
  54  6:24  Probe (Chrono Boost)  
  51  6:53  Zealot x2  
  55  6:55  Observer (Chrono Boost)  
  51  7:06  Probe x2  
  51  7:08  Probe  
  54  7:17  Probe x2  
  54  7:20  Probe  
  57  7:27  Probe x2  
  59  7:32  Probe  
  60  7:38  Probe x2  
  62  7:44  Probe  
  62  7:48  Probe x2  
  65  7:56  Probe  
  66  8:01  Stalker x2  
  66  8:04  Probe x2  
  70  8:08  Probe  
  73  8:15  Probe x2  
  75  8:25  Probe  
  75  8:26  Probe  
  76  8:27  Probe  
  76  8:29  Zealot x2  
  76  8:33  Observer (Chrono Boost)  
  83  8:37  Assimilator  
  83  8:42  Probe  
  83  8:44  Probe  
  85  8:49  Pylon  
  85  9:04  Assimilator  
  85  9:05  Probe x2  
  85  9:07  Phoenix, Probe  
  90  9:11  Pylon  
  90  9:16  Probe x2  
  90  9:17  Gateway  
  90  9:19  Gateway  
  92  9:32  Immortal (Chrono Boost)  
  96  9:39  Probe x2  
  96  9:40  Probe  
  96  9:44  Assimilator  
  99  9:49  Stalker, Assimilator  
  101  9:58  Pylon  
  101  10:02  Pylon  
  101  10:07  Pylon  
  101  10:19  Probe x2  
  101  10:20  Probe  
  104  10:24  Immortal (Chrono Boost)  
  108  10:31  Twilight Council  
  108  10:34  Robotics Facility  
  112  10:36  Probe x2  
  112  10:38  Probe  
  111  10:47  Probe x2  
  113  10:50  Probe  
  114  10:57  Probe x2  
  114  11:02  Probe  
  117  11:05  Forge  
  117  11:06  Gateway x2, Forge  
  117  11:07  Immortal (Chrono Boost)  
  117  11:08  Gateway  
  121  11:12  Stalker  
  121  11:13  Stalker  
  121  11:14  Gateway  
  118  11:27  Stalker x2  
  120  11:37  Zealot x2  
  124  11:44  Charge (Chrono Boost)  
  124  11:52  Pylon  
  124  11:54  Pylon  
  124  11:58  Pylon  
  124  12:01  Probe  
  125  12:07  Protoss Ground Armor Level 1, Protoss Ground Weapons Level 1  
  125  12:08  Probe x2  
  125  12:13  Immortal  
  135  12:22  Pylon  
  135  12:25  Pylon  
  135  12:27  Nexus  
  131  12:34  Zealot  
  131  12:35  Zealot x6  
  145  12:42  Photon Cannon  
  145  12:46  Photon Cannon  
  145  12:47  Pylon  
  145  12:51  Probe x2  
  145  12:52  Probe  
  148  13:04  Probe  
  149  13:16  Dark Shrine  
  149  13:19  Blink (Chrono Boost), Zealot x6  
  161  13:20  Zealot x2  
  165  13:49  Probe x2  
  165  13:50  Probe  
  165  13:51  Probe  
  165  13:52  Nexus  
  165  13:55  Pylon  
  169  13:57  Pylon  
  169  14:00  Pylon  
  169  14:10  Pylon  
  169  14:14  Protoss Ground Weapons Level 2, Protoss Ground Armor Level 2, Probe x3  
  169  14:16  Probe  
  173  14:25  Probe x3  
  173  14:28  Photon Cannon, Probe  
  173  14:30  Photon Cannon  
  177  14:35  Photon Cannon  
  177  14:37  Photon Cannon  
  177  14:38  Dark Templar x2  
  179  14:39  Dark Templar x3  
  179  14:40  Dark Templar  
  179  14:41  Dark Templar x2  
  179  14:44  Archon  
  193  14:49  Warp Prism  
  193  14:52  Archon x2  
  195  14:53  Archon  
  195  14:59  Photon Cannon  
  195  15:01  Photon Cannon  
  195  15:04  Photon Cannon  
  195  15:12  Probe  
  195  15:13  Probe x3  
  196  15:14  Probe  
  200  15:22  Photon Cannon  
  200  15:30  Assimilator  
  200  15:33  Assimilator  
  200  16:14  Gateway  
  200  16:16  Gateway  
  200  16:18  Gateway, Assimilator  
  200  16:21  Assimilator  
  200  16:22  Gateway  
  200  16:24  Gateway  
  200  16:26  Gateway  
  200  16:33  Gateway  
  200  16:35  Gateway  
  200  16:38  Gateway  
  164  17:09  Zealot x7  
  164  17:10  Zealot  
  146  17:33  Dark Templar  
  146  17:34  Dark Templar x7  
Tags
 
Add a new tag
Caveats
  • Supply blocks, unpowered buildings, or Contaminate may cause inaccurate times.
  • Supply counts are checked every 10 seconds.